Unix NetHack Version 5.0.0-0 post-release - last build May 31 2026 23:59:36 (970b52f25bf058293b47ddfd14a1e40e571c508c,branch:main).

Game began 2026-06-01 01:12:02, ended 2026-06-03 23:44:31.

BaeHund, lawful female dwarven Archeologist

                                   ---------
                                   |.......|
            -----                  |.......|                  -----
             ...|                  |...%%..|                  |...
     ---------..--    -            |.......|           ---   --[.---------
     |...%.@.|...-- --..        |  |...%...|  |       ...-- --%..|%......|
   A |..@....|.../---.....      |. ----%---- .|      .... ---.[..|%......|
     |.@.@...-.A@D.a..@JA.B     |...%.%%.)%...|     ......).)..%%%..._...|
     |.a...aa|..@.---..%....    ---%%%.%%.%.---    .......---..%.|.......|
    A|..a....|...-- --..))..      -----%-----      ......-- --%)%|.......|
     ---------..--   ----.--       -..%%%..        --.----   --%%---------
    A       ....|      -...------- ..%%%%..    -----...-      |...
           ------      ..%.......| ....%%..   ..........      -----
                        .%....*.%--...%%%.. --.......%..
                         .........--.%.%%..--..........
                          .....%.%%----%----..........
                           ..%.....%....%%..%........
                            ------------------------
BaeHund the Speleologist   St:18/35 Dx:23 Co:25 In:20 Wi:20 Ch:16  Lawful
Astral Plane $:25415 HP:227(307) Pw:64(96) AC:-37 Xp:24 T:43024  Burdened

Latest messages:
 The high priestess of Quetzalcoatl looks better.
 What do you want to use or apply? [abf-hlnq-tvDEGKLOZ or ?*] b
 You put 1038 gold pieces into the bag of holding.
 The fire ant turns to flee.
 Pick a monster, object or location.
 Talk to whom? (in what direction) h
 The high priestess of Quetzalcoatl gives you two bits for an ale.
 The soldier ant turns to flee.
 Janne the invisible Wizard picks up a wand of magic missile.
 The Angel of Camaxtli swings his silver mace at the giant ant.
 The Angel of Camaxtli hits the giant ant.
 The Angel of Camaxtli swings his silver mace at the giant ant.
 The Angel of Camaxtli hits the giant ant.
 The high priestess of Quetzalcoatl swings her mace.
 The high priestess of Quetzalcoatl hits!
 The high priestess of Quetzalcoatl kicks!
 The high priestess of Quetzalcoatl points all around, then curses.
 The high priestess of Quetzalcoatl points all around, then curses.
 What do you want to use or apply? [abf-hlnq-tvDEGKLOZ or ?*] b
 You have a little trouble removing 25413 gold pieces.  Continue? [ynq] (q) y
 You have a little trouble removing $ - 25413 gold pieces (25415 in total).
 Your movements are slowed slightly because of your load.
 There is a high altar to Quetzalcoatl (lawful) here.
 You see here a soldier ant corpse.
 Janne the invisible Wizard casts a spell!
 You feel that monsters are aware of your presence.
 The Angel of Camaxtli swings his silver mace at Janne the invisible Wizard.
 The Angel of Camaxtli hits Janne the invisible Wizard.
 The Angel of Camaxtli swings his silver mace at Janne the invisible Wizard.
 The Angel of Camaxtli misses Janne the invisible Wizard.
 The Angel of Camaxtli hits Janne the invisible Wizard.
 The high priestess of Quetzalcoatl swings her mace at the soldier ant.
 The high priestess of Quetzalcoatl hits the soldier ant.
 The soldier ant is killed!
 The high priestess of Quetzalcoatl swings her mace at the priestess of Camaxtli.
 The high priestess of Quetzalcoatl hits the priestess of Camaxtli.
 The high priestess of Quetzalcoatl hits the priestess of Camaxtli.
 There is a soldier ant corpse here; sacrifice it? [ynq] (n) n
 What do you want to sacrifice? [o or ?*] o
 You offer the Amulet of Yendor to Quetzalcoatl...
 An invisible choir sings, and you are bathed in radiance...
 The voice of Quetzalcoatl booms: "Mortal, thou hast done well!"
 "In return for thy service, I grant thee the gift of Immortality!"
 You ascend to the status of Demigoddess...
 Do you want your possessions identified? [ynq] (y) y
 Do you want to see your attributes? [ynq] (y) y
 Do you want an account of creatures vanquished? [ynaq] (y) y
 Do you want a list of species genocided and extinct? [ynaq] (y) y
 Do you want to see your conduct and achievements? [ynq] (y) y
 Do you want to see the dungeon overview? [ynq] (y) y

Inventory:
 Coins    ('$')
  $ - 25415 gold pieces
 Amulets  ('"')
  w - an uncursed greased amulet of life saving
  I - an uncursed greased amulet of reflection (being worn)
 Weapons  (')')
  z - the greased rustproof +6 Ogresmasher (wielded in right hand)
  B - a greased +7 silver saber (wielded in left hand)
 Armor    ('[')
  A - a blessed greased tempered +4 helm of brilliance (being worn)
  H - a blessed greased fireproof +4 pair of gauntlets of dexterity (being worn)
  T - a blessed greased fireproof +4 pair of speed boots (being worn)
  N - a blessed greased +4 shield of drain resistance
  m - a blessed greased +4 robe (being worn)
  j - a blessed greased +5 Hawaiian shirt with a ukulele motif (being worn)
  W - a blessed greased rotproof +4 gray dragon scale mail (being worn)
 Spellbooks  ('+')
  a - the cursed Book of the Dead
 Rings    ('=')
  X - an uncursed greased ring of conflict (on right hand)
  S - an uncursed greased ring of free action (on left hand)
  y - an uncursed greased ring of levitation
  k - an uncursed ring of slow digestion
 Wands    ('/')
  t - a blessed wand of death (0:5)
  h - a cursed wand of death (0:0)
  Z - a greased wand of digging (0:3)
  O - a wand of digging (0:5)
  G - a wand of digging (0:4)
  K - a cursed wand of digging (0:8)
  r - a wand of fire (0:2)
  n - a greased wand of sleep (0:2)
  l - a greased wand of teleportation (0:0)
  g - a wand of teleportation (0:1)
  f - a cursed greased wand of teleportation (0:0)
 Tools    ('(')
  b - a blessed greased bag of holding containing 61 items
  E - the greased Bell of Opening (0:1)
  v - an uncursed greased blindfold
  L - the uncursed greased Candelabrum of Invocation (0 of 7 candles attached)
  q - a cursed magic lamp (lit)
  D - the blessed greased Orb of Detection (0:0)
  s - a blessed greased +0 unicorn horn
 Gems/Stones  ('*')
  V - a blessed greased luckstone

Contents of the bag of holding:
  an uncursed amulet of flying
  an uncursed amulet of flying
  an uncursed amulet of guarding
  an uncursed amulet of life saving
  an uncursed amulet of life saving
  an uncursed +0 pair of water walking boots
  2 uncursed carrots
  10 uncursed food rations
  4 cursed lumps of royal jelly
  an uncursed tripe ration
  an uncursed lizard corpse
  an uncursed greased scroll of create monster
  an uncursed scroll of create monster
  2 cursed scrolls of create monster
  a cursed scroll of destroy armor
  a cursed scroll of earth
  an uncursed scroll of enchant armor
  a blessed scroll of enchant weapon
  2 cursed scrolls of enchant weapon
  an uncursed scroll of fire
  a cursed scroll of fire
  an uncursed scroll of food detection
  2 uncursed scrolls of gold detection
  a cursed scroll of light
  6 uncursed scrolls of remove curse
  an uncursed greased scroll of scare monster
  a blessed scroll of teleportation
  an uncursed scroll of teleportation
  2 cursed scrolls of teleportation
  an uncursed spellbook of healing
  an uncursed spellbook of magic mapping
  2 uncursed potions of full healing
  an uncursed potion of levitation
  2 blessed potions of restore ability
  3 potions of holy water
  a potion of unholy water
  an uncursed ring of protection from shape changers
  an uncursed ring of see invisible
  a wand of cold (0:0)
  a wand of create monster (0:15)
  a blessed wand of digging (0:3)
  a wand of digging (0:4)
  a wand of digging (0:1)
  a wand of fire (0:3)
  a wand of fire (0:0)
  a wand of light (0:13)
  a wand of lightning (0:5)
  a wand of lightning (0:0)
  a wand of locking (0:3)
  a wand of make invisible (0:4)
  a wand of opening (0:5)
  a wand of secret door detection (0:7)
  a wand of slow monster (0:5)
  a wand of stasis (0:5)
  a wand of stasis (0:4)
  a wand of striking (0:4)
  a wand of striking (0:1)
  a wand of undead turning (0:5)
  a blessed magic whistle
  an uncursed greased skeleton key
  3 blessed greased partly used wax candles

BaeHund the Archeologist's attributes:

Background:
 You were a Speleologist, a level 24 female dwarven Archeologist.
 You were lawful, on a mission for Quetzalcoatl
 who was opposed by Camaxtli (neutral) and Huhetotl (chaotic).
 You were right-handed.
 You were in the endgame, on the Astral Plane.
 You entered the dungeon 43024 turns ago.
 It was nighttime.
 You had 40043442 experience points, 9956558 more were needed for level 25.

Basics:
 You had 227 out of 307 hit points.
 You had 64 out of 96 energy points (spell power).
 Your armor class was -37.
 Your wallet contained 25415 zorkmids.
 Autopickup was on for '$' plus thrown.

Final Characteristics:
 Your strength was 18/35 (limit:18/100).
 Your dexterity was 23 (base:19, innate limit:20).
 Your constitution was 25 (base:19, innate limit:20).
 Your intelligence was 20 (base:16, innate limit:16).
 Your wisdom was 20 (base:16, innate limit:16).
 Your charisma was 16 (limit:16).

Final Status:
 You weren't hungry.
 You were burdened; movement was slightly slowed.
 You were wielding two weapons at once.
 You had basic skill with hammer and two weapons.
 Your skill in saber was limited by being basic with two weapons.

Final Attributes:
 You were piously aligned.
 You were magic-protected.
 You were fire resistant.
 You were cold resistant.
 You were sleep resistant.
 You were disintegration resistant.
 You were shock resistant.
 You were poison resistant.
 You were telepathic.
 You had automatic searching.
 You had infravision.
 You were invisible.
 You were stealthy.
 You caused conflict.
 You had a moderate defense bonus (+8).
 You were guarded.
 You took half spell damage.
 Your spell casting was enhanced by wearing a robe.
 You were very fast.
 You had reflection.
 You had free action.
 You were extremely lucky.
 You had extra luck.
 Good luck did not time out for you.
 You survived.

Miscellaneous:
 You didn't encounter any bones levels.
 Total elapsed playing time was 17 hours, 40 minutes and 54 seconds.

Major events:
 Turn
    1: BaeHund the lawful female dwarven Archeologist entered the dungeon
  997: attained the rank of Field Worker (level 3)
 1394: entered the Gnomish Mines
 2708: reached Mine Town
 3679: made her first wish - "blessed fixed +3 grey dragon scale mail", got "a gray dragon scale mail"
 4410: attained the rank of Investigator (level 6)
 5187: found Cleaver on the floor
 6376: acquired the Mines' End luckstone
 7297: Akalapi, the general store proprietor, has been killed
 8081: entered Sokoban
 8765: completed 1st Sokoban level
 8998: completed 2nd Sokoban level
 9217: completed 3rd Sokoban level
 9667: completed 4th Sokoban level
 9892: acquired the Sokoban amulet of reflection
10452: consulted the Oracle
11085: attained the rank of Exhumer (level 10)
11226: entered the Bigroom
16849: was bestowed with Ogresmasher by Quetzalcoatl
17674: entered Home 1, the Quest
19163: killed Medusa
23164: found Giantslayer on the floor
23230: attained the rank of Excavator (level 14)
23233: wished for "blessed fixed +3 gauntlets of dexterity", got "a pair of fencing gloves"
23240: wished for "blessed fixed bag of holding", got "a bag"
23576: wished for "blessed fixed +3 helm of brilliance", got "a crystal helmet"
24550: Lord Carnarvon has granted access to proceed deeper into the quest
24584: entered Home 2, the Quest
24871: entered Home 3, the Quest
25582: entered Home 4, the Quest
25764: entered Home 5, the Quest
25957: killed the Minion of Huhetotl
25958: found the Orb of Detection on the floor
25959: acquired the Bell of Opening
26890: wished for "2 blessed scrolls of genocide", got "2 scrolls labeled MAPIRO MAHAMA DIROMAT"
26892: performed her first genocide (class L)
26892: genocided class R
26898: genocided master mind flayers
26904: genocided mind flayers
27251: entered Gehennom
27829: attained the rank of Spelunker (level 18)
29356: killed Asmodeus
29554: killed Juiblex
29936: killed Baalzebub
32919: genocided class m
34269: destroyed Vlad the Impaler
34270: acquired the Candelabrum of Invocation
35130: killed Orcus
37671: attained the rank of Speleologist (level 22)
40441: killed the Wizard of Yendor
40465: acquired the Book of the Dead
40675: performed the invocation
40860: killed the high priest of Moloch
40865: acquired The Amulet of Yendor
40866: wished for "blessed wand of death", got "a wand of death"
41139: killed the Wizard of Yendor (2nd time)
42376: killed the Wizard of Yendor (3rd time)
42743: entered the Elemental Planes
42743: entered Plane of Earth
42769: entered Plane of Air
42787: killed the Wizard of Yendor (5th time)
42815: entered Plane of Fire
42830: entered Plane of Water
42831: genocided class ;
42871: entered the Astral Plane
42915: killed Famine
42941: killed Death
42972: found Vorpal Blade carried by a monster
42982: killed Death (2nd time)
42983: killed Famine (2nd time)
42986: killed Death (3rd time)
43000: found Fire Brand carried by a monster
43024: ascended

Spells:
 Name                 Level Category     Fail Retention
 healing                1   healing        0%    1%-10%
 levitation             4   escape        25%    (gone)
 clairvoyance           3   divination     0%    (gone)
 detect monsters        1   divination     0%    (gone)
 force bolt             1   attack         0%    (gone)
 stone to flesh         3   healing        0%   41%-50%
 create familiar        6   clerical      94%    (gone)
 fireball               4   attack        25%    (gone)
 wizard lock            2   matter         0%    (gone)
 charm monster          5   enchantment   64%    (gone)
 cancellation           7   matter        95%    (gone)
 extra healing          3   healing        0%    (gone)
 haste self             3   escape         0%    (gone)
 remove curse           3   clerical       0%  76%-100%
 slow monster           2   enchantment    0%    (gone)
 confuse monster        1   enchantment    0%    (gone)
 dig                    5   matter        64%    1%-25%
 cure sickness          3   healing        0%   11%-20%
 finger of death        7   attack        95%    1%-25%
 knock                  1   matter         0%    1%-25%
 light                  1   divination     0%   21%-25%
 cure blindness         2   healing        0%   21%-30%
 magic mapping          5   divination     0%   26%-30%
 detect treasure        4   divination     0%   86%-90%
 jumping                1   escape         0%  76%-100%

Skills:
 Fighting Skills
   bare handed combat [Basic]
   two weapon combat  [Basic]
   riding             [Unskilled]
 Weapon Skills
   dagger             [Unskilled]
   knife              [Unskilled]
   pick-axe           [Basic]
   short sword        [Unskilled]
   saber              [Expert]
   club               [Unskilled]
   hammer             [Basic]
   quarterstaff       [Unskilled]
   sling              [Unskilled]
   dart               [Unskilled]
   boomerang          [Unskilled]
   whip               [Skilled]
   unicorn horn       [Unskilled]
 Spellcasting Skills
   attack spells      [Unskilled]
   healing spells     [Basic]
   divination spells  [Skilled]
   matter spells      [Unskilled]

Voluntary challenges:
 Character rerolling was not enabled.
 You genocided 17 types of monsters.
 You never polymorphed an object.
 You never changed form.
 You used 6 wishes (1 for an artifact).
 You did not violate any of the special Sokoban rules.
Achievements:
 You attained the rank of Field Worker.
 You entered the Gnomish Mines.
 You entered Minetown.
 You entered a shop.
 You entered a temple.
 You attained the rank of Investigator.
 You completed the Gnomish Mines.
 You entered Sokoban.
 You completed Sokoban.
 You consulted the Oracle of Delphi.
 You attained the rank of Exhumer.
 You entered the Big Room.
 You defeated Medusa.
 You attained the rank of Excavator.
 You had the Bell of Opening.
 You entered Gehennom.
 You attained the rank of Spelunker.
 You had the Candelabrum of Invocation.
 You attained the rank of Speleologist.
 You had the Book of the Dead.
 You gained access to Moloch's Sanctum.
 You reached the Elemental Planes.
 You reached the Astral Plane.
 You delivered the Amulet of Yendor.
 You ascended!

 The Elemental Planes:
    Astral Plane: <- You are here.
       Many temples and many altars.
    Plane of Water:
    Plane of Fire:
    Plane of Air:
    Plane of Earth:
 The Dungeons of Doom: levels 1 to 25
    Level 1:
       One way stairs up to The Elemental Planes.
    Level 2:
       An altar to Quetzalcoatl, a fountain.
       Stairs down to The Gnomish Mines.
    Level 3:
    Level 4:
       Some fountains, a grave.
    Level 5: "spellbook healing"
       A general store, a sink.
    Level 6:
       Many fountains.
       Oracle of Delphi.
    Level 7:
       Stairs up to Sokoban, level 6.
    Level 8:
    Level 9: "spellbook levitate"
       A fountain, a grave.
    Level 10:
    Level 11:
       A very big room.
    Level 12:
       Portal to The Quest.
    Level 13:
    Level 14:
       A fountain, a sink.
    Level 15:
       A fountain.
    Level 16:
       A fountain.
    Level 17:
       A primitive area.
    Level 18: "remove cures book"
       A temple and an altar to Quetzalcoatl.
    Level 19:
    Level 20: "stash?"
    Level 21: "shield of reflection"
       A fountain, many trees.
    Level 22:
    Level 23:
    Level 24:
    Level 25:
       A fountain.
       Connection to Gehennom.
 Gehennom: levels 26 to 47
    Level 26:
       A temple and an altar, many graves.
       Valley of the Dead.
    Level 27:
    Level 28:
    Level 29:
    Level 30:
       A fountain.
    Level 31:
    Level 32:
    Level 33:
    Level 34:
    Level 35:
    Level 36:
       Stairs up to Vlad's Tower, level 35.
    Level 37:
       Some shops, an altar, a grave.
    Level 38:
    Level 39:
    Level 40:
    Level 41:
    Level 42:
    Level 43:
    Level 44: "FAKE TOWER"
    Level 45:
    Level 46:
    Level 47:
       A temple and an altar, many graves.
       Moloch's Sanctum.
 The Gnomish Mines: levels 3 to 10
    Level 3:
    Level 4:
    Level 5:
    Level 6: "magic boots no ID also pickaxe, spellbook charm mons, fireball, lock"
       Many shops, a temple and an altar to Quetzalcoatl, many fountains.
    Level 7:
    Level 8:
    Level 9:
    Level 10:
       A fountain.
 The Quest: levels 1 to 5
    Level 1:
       Completed quest for Lord Carnarvon.
    Level 2:
    Level 3:
       Many temples and many altars.
    Level 4:
    Level 5:
       A temple and an altar.
 Sokoban: levels 6 up to 3
    Level 3:
       Solved.
    Level 4:
       Solved.
    Level 5:
       Solved.
    Level 6:
       Solved.
 Vlad's Tower: levels 35 up to 33
    Level 33:
       A throne.
    Level 34:
    Level 35:


Vanquished creatures:
    Asmodeus
    Baalzebub
    Orcus
    Juiblex
  2 erinyes
the Wizard of Yendor (5 times)
    Death (4 times)
    Famine (twice)
    Vlad the Impaler
  a high cleric
  2 mastodons
    Medusa
 15 krakens
  6 iron golems
  2 glass golems
  4 balrogs
the Minion of Huhetotl
  8 purple worms
  a gray dragon
  3 gold dragons
  4 silver dragons
  6 red dragons
  a white dragon
  2 orange dragons
  2 black dragons
  3 blue dragons
  2 yellow dragons
 22 minotaurs
  5 jabberwocks
  4 baluchitheria
  8 Angels
  a demilich
  2 stone golems
  a master mind flayer
 an Olog-hai
  2 Nazgul
  6 pit fiends
  a sandestin
  8 hell hounds
  3 displacer beasts
  3 titanotheres
  5 trappers
  2 baby red dragons
  3 genetic engineers
 24 vampire leaders
  5 skeletons
  a shopkeeper
 19 aligned clerics
  5 captains
  6 shades
  2 liches
  2 clay golems
  9 nurses
 13 ice devils
  5 nalfeshnees
  2 lurkers above
  a frost giant
  4 ettins
  a black pudding
 26 vampires
  a lieutenant
  a watch captain
 34 ghosts
 an archeologist
  5 queen bees
  a winged gargoyle
  a mind flayer
  5 giant mimics
  6 long worms
  3 zruties
  3 fire giants
  5 ogre tyrants
 an ice troll
  6 rock trolls
  7 umber hulks
  5 flesh golems
  9 elven monarchs
  2 doppelgangers
 15 hezrous
 17 bone devils
  8 large mimics
  6 wumpuses
  8 fire vortices
  a couatl
  6 stalkers
  8 air elementals
  8 fire elementals
  6 earth elementals
  3 water elementals
  5 hill giants
  3 giant mummies
  2 black nagas
  8 xorns
 19 giant zombies
 17 elf-nobles
  8 sergeants
  a water demon
  5 barbed devils
 22 vrocks
  2 salamanders
  9 wargs
  a winter wolf
 14 hell hound pups
  7 small mimics
  a glass piercer
 10 warhorses
 12 steam vortices
  7 xans
  3 ettin mummies
  7 ogre leaders
  6 quantum mechanics
 13 trolls
  a sasquatch
  4 wood golems
  4 mariliths
  9 sharks
  8 electric eels
 10 gelatinous cubes
  5 pyrolisks
  3 large dogs
  3 freezing spheres
  9 flaming spheres
 10 shocking spheres
  4 large cats
  2 tigers
  6 gargoyles
  a dwarf ruler
  4 tengu
  4 ochre jellies
  8 leocrottas
 an energy vortex
  4 mountain centaurs
  a stone giant
  4 elf mummies
 22 human mummies
 17 red nagas
  2 green slimes
  7 pythons
  8 pit vipers
  4 cobras
 48 wraiths
  2 carnivorous apes
 23 ettin zombies
  4 leather golems
 20 Grey-elves
 51 soldiers
  3 watchmen
 11 amorous demons
  6 horned devils
  7 chameleons
  4 crocodiles
 48 giant beetles
  4 quivering blobs
 13 cockatrices
 12 wolves
 10 winter wolf cubs
  3 lynxes
  3 panthers
 30 gremlins
  2 spotted jellies
 34 leprechauns
  3 orc-captains
  3 iron piercers
  4 mumakil
 12 giant spiders
 10 scorpions
  2 horses
  2 ice vortices
 14 black lights
 11 vampire bats
  4 forest centaurs
  a gnome ruler
 an orc mummy
  9 dwarf mummies
  8 ogres
  5 brown puddings
  3 rust monsters
 10 owlbears
  5 yetis
  2 gold golems
  2 werewolves
  9 Green-elves
  5 piranha
 18 giant eels
 17 lizards
 10 chickatrices
  3 dingoes
  3 dogs
  2 housecats
  3 jaguars
  a dwarf leader
  7 blue jellies
  4 gray unicorns
  3 black unicorns
  3 dust vortices
 37 ravens
  5 plains centaurs
  7 gnome mummies
 46 snakes
  3 water moccasins
  7 apes
 22 human zombies
 14 Woodland-elves
 72 soldier ants
 54 fire ants
  8 bugbears
 an imp
  3 lemures
  7 quasits
  5 wood nymphs
  5 water nymphs
  4 mountain nymphs
 19 Mordor orcs
 10 Uruk-hai
  3 orc shamans
  8 rock piercers
  4 rock moles
  6 ponies
  4 fog clouds
 13 yellow lights
  5 shriekers
  6 violet fungi
 17 gnome leaders
  7 gnomish wizards
  6 kobold mummies
  a red naga hatchling
  a golden naga hatchling
  4 gray oozes
  7 barrow wights
 24 elf zombies
 12 ghouls
  a straw golem
  5 jellyfish
 79 giant ants
  a little dog
  5 floating eyes
  2 kittens
  4 dwarves
  a homunculus
  2 kobold leaders
  4 kobold shamans
 25 hill orcs
 17 rothes
  a rabid rat
  3 centipedes
  3 giant bats
  2 monkeys
 24 orc zombies
 18 dwarf zombies
  3 wererats
  4 werejackals
 15 iguanas
108 killer bees
  4 acid blobs
  2 coyotes
  a gas spore
  6 hobbits
  a large kobold
  7 hobgoblins
  5 giant rats
  4 cave spiders
  a brown mold
  5 green molds
 48 gnomes
101 garter snakes
  9 gnome zombies
  7 geckos
  6 jackals
  3 foxes
  2 kobolds
  8 goblins
  3 sewer rats
 20 grid bugs
 14 bats
  4 lichens
 20 kobold zombies
 10 newts
2425 creatures vanquished.

Genocided or extinct species:
 erinyes (extinct)
 arch-liches
 krakens
 master liches
 demiliches
 master mind flayers
 disenchanters
 liches
 mind flayers
 giant mimics
 large mimics
 small mimics
 sharks
 electric eels
 giant beetles (extinct)
 rust monsters
 piranha
 giant eels
 jellyfish
 giant ants (extinct)
 killer bees (extinct)
17 species genocided.
4 species extinct.

Goodbye BaeHund the Demigoddess...

You went to your reward with 2514440 points,
The Book of the Dead (worth 10000 zorkmids and 25000 points)
Ogresmasher (worth 200 zorkmids and 500 points)
The Orb of Detection (worth 2500 zorkmids and 6250 points)
The Bell of Opening (worth 5000 zorkmids and 12500 points)
The Candelabrum of Invocation (worth 5000 zorkmids and 12500 points)
       3 amulets of life saving (worth 450 zorkmids),
       2 amulets of flying (worth 300 zorkmids),
       1 amulet of reflection (worth 150 zorkmids),
       1 amulet of guarding (worth 150 zorkmids),
and 25415 pieces of gold, after 43024 moves.
You were level 24 with a maximum of 307 hit points when you ascended.

